AoeStats
← Dleit Khaa

Marketplace

506564722Analyzed
1v1 RM · 16d ago on Sep 14, 2026· 38m 47s· 2 players
Game mode
Random Map
Map size
Tiny (2 player)
Population
200
Speed
Normal
Resources
Standard
Victory
Conquest
Starting age
Dark Age
Ending age
Imperial Age
RankedLock teamsTeams togetherTeam positionsShared explorationLock speedFull tech treeHidden civsTurbo modeCheats
Victory
Defeat
🇺🇸 Spanish · United States
1033
+17
🇲🇽 Celts · Mexico
1046
-17
Dleit Khaa
7:36 Loom
10:34 Feudal Age
11:05 Double-Bit Axe
11:04 Horse Collar
12:09 Horse Collar
19:43 Castle Age
18:23 Bloodlines
18:55 Scale Barding Armor
20:20 Wheelbarrow
20:03 Forging
21:21 Husbandry
23:59 Iron Casting
25:58 Chain Barding Armor
30:22 Hand Cart
34:16 Imperial Age
31:42 Town Watch
32:13 Heavy Plow
33:46 Caravan
34:04 Gold Mining
35:27 Conscription
36:19 Chemistry
35:26 Cavalier
kama.Gil
8:21 Loom
12:21 Feudal Age
18:09 Castle Age
17:22 Scale Barding Armor
17:44 Horse Collar
17:57 Gold Mining
17:55 Double-Bit Axe
22:25 Forging
24:34 Chain Barding Armor
28:30 Pikeman
29:50 Iron Casting
31:12 Wheelbarrow
32:34 Scale Mail Armor
32:41 Town Watch
34:15 Heavy Plow
35:26 Hand Cart
36:06 Chain Mail Armor
36:48 Gambesons
Connection lost

Rejoining the realm…

Still unreachable

The connection could not be restored.

Session expired

The server has moved on; the page needs a fresh start.